Map: 데스오라 - 래더

Players

LiquidClem (Clem) - Winner!

  • Race: Terran Terran
  • League: Grandmaster
  • Spawn Location: 5:00

SouLeer

  • Race: Zerg Zerg
  • Spawn Location: 11:00

Event: DreamHack SC2 Masters 2020 Fall

VOD

Have the link to the VOD?

Description

Time

  • Played on: Sept. 6, 2020, 12:49 p.m.
  • Length: 4:14

All games in this series

Show
View Real Time Build Order
Export as new Build Order

LiquidClem Terran - Winner!

Build Orders: Reaper Expand 

Get SALT Encoding   

  12  0:00  SCV  
  13  0:12  SCV  
  14  0:17  Supply Depot  
  14  0:24  SCV  
  15  0:38  SCV  
  15  0:40  Barracks  
  16  0:44  Refinery  
  16  0:50  SCV  
  17  1:03  SCV  
  18  1:15  SCV  
  19  1:26  Reaper  
  19  1:27  Orbital Command  
  20  1:40  Command Center  
  20  1:50  Supply Depot  
  20  1:55  Bunker  
  20  1:59  Marine  
  21  2:13  Factory, SCV  
  22  2:17  Marine  
  23  2:26  SCV  
  23  2:29  Refinery  
  24  2:36  Barracks Reactor  
  24  2:38  SCV  
  25  2:50  SCV  
  26  2:57  Hellion  
  28  2:59  Starport  
  28  3:00  Orbital Command  
  28  3:02  SCV  
  29  3:12  Marine x2  
  29  3:15  SCV  
  29  3:19  Hellion  
  31  3:25  SCV  
  31  3:27  SCV  
  31  3:32  Marine  
  31  3:33  Marine  
  32  3:41  Hellion  
  32  3:42  Starport Tech Lab  
  32  3:43  SCV  
  32  3:44  SCV  
  34  3:49  Marine  
  34  3:51  Marine  
  36  3:59  Supply Depot  
  36  4:01  SCV  
Show
View Real Time Build Order
Export as new Build Order

SouLeer Zerg 

Build Orders: Pool First 

Get SALT Encoding   

  12  0:00  Drone  
  13  0:13  Overlord  
  13  0:16  Drone  
  14  0:31  Drone x2, Extractor  
  15  0:44  Spawning Pool  
  15  0:47  Drone  
  15  0:51  Drone  
  16  1:18  Hatchery  
  15  1:31  Zergling x6  
  18  1:38  Metabolic Boost  
  18  1:49  Queen  
  20  1:55  Zergling x2  
  20  2:00  Overlord  
  21  2:08  Zergling x2  
  22  2:15  Baneling Nest  
  22  2:20  Zergling x2  
  22  2:27  Zergling x2  
  23  2:31  Zergling x2  
  23  2:36  Zergling x2  
  25  2:43  Zergling x2  
  26  2:47  Zergling x2  
  26  2:53  Zergling x2  
  26  2:57  Zergling x2  
  28  3:00  Zergling x2  
  29  3:06  Zergling x2  
  29  3:09  Zergling x2  
  29  3:13  Zergling x2  
  29  3:16  Zergling x2  
  30  3:23  Zergling x4  
  30  3:27  Zergling x2  
  29  3:37  Zergling x4  
  29  3:41  Baneling x5  
  29  3:46  Baneling  
  29  3:48  Zergling x2  
  29  3:53  Zergling x2  
  30  3:56  Zergling x2  

Tags
 
Add a new tag
Caveats
  • Supply blocks, unpowered buildings, or Contaminate may cause inaccurate times.
  • Supply counts are checked every 10 seconds.